 Dungeon Crawl Stone Soup version 0.31-a0-1009-g454b1f1e0a (webtiles) character file.

Game seed: 13538061151786829162

125 Queen the Stinger (level 5, -5/35 HPs)
             Began as a Formicid Venom Mage on Nov 15, 2023.
             Was an Initiate of Sif Muna.
             Killed from afar by Ijyb (13 damage)
             ... with an iceblast
             ... on level 3 of the Dungeon.
             The game lasted 00:08:34 (3161 turns).

Queen the Stinger (Formicid Venom Mage)             Turns: 3161, Time: 00:08:35

Health: -5/35      AC:  6    Str: 19    XL:     5   Next: 30%
Magic:  1/9        EV: 12    Int: 22    God:    Sif Muna [......]
Gold:   113        SH:  0    Dex: 17    Spells: 4/10 levels left

rFire   . . .        d - +0 dagger
rCold   . . .        (no shield)
rNeg    . . .        l - +0 leather armour
rPois   .            (helmet unavailable)
rElec   .            (no cloak)
rCorr   .            (no gloves)
SInv    +            n - +2 pair of boots {rampage}
Will    .....        j - amulet of faith
Stlth   +++          g - +6 ring of intelligence
HPRegen 0.25/turn    q - ring "Samuerat" {Str+6 Dex+3 Stlth+}
MPRegen 0.11/turn

%: rampage, faith
@: no status effects
A: permanent stasis, dig shafts and tunnels, antennae 3, four strong arms
a: Dig, Shaft Self, Renounce Religion


You were on level 3 of the Dungeon.
You worshipped Sif Muna.
Sif Muna was noncommittal.
You visited 1 branch of the dungeon, and saw 3 of its levels.

You collected 113 gold pieces.

Inventory:

Hand Weapons
 d - a +0 dagger (weapon)
Armour
 a - a +0 robe
 l - a +0 leather armour (worn)
 n - a +2 pair of boots of rampaging (worn)
Jewellery
 g - a +6 ring of intelligence (left hand)
 j - an amulet of faith (around neck)
 q - the ring "Samuerat" (right hand) {Str+6 Dex+3 Stlth+}
   (You found it on level 2 of the Dungeon)

   [ring of strength]

   Str+6:     It affects your strength (+6).
   Dex+3:     It affects your dexterity (+3).
   Stlth+:    It makes you more stealthy.
Wands
 o - a wand of flame (17)
Scrolls
 c - 3 scrolls of fog {unknown}
 e - a scroll of noise {unknown}
 f - 2 scrolls of identify {unknown}
 k - a scroll of brand weapon {unknown}
 m - a scroll of revelation {unknown}
 p - a scroll of amnesia {unknown}
Potions
 b - a potion of magic
 h - a potion of lignification {unknown}
 i - a potion of mutation {unknown}
 r - a potion of enlightenment {unknown}


   Skills:
 + Level 2.5 Dodging
 + Level 3.6 Stealth
 + Level 3.0 Spellcasting
 + Level 2.4 Transmutations
 + Level 4.8 Poison Magic


You had 4 spell levels left.
You knew the following spells:

 Your Spells              Type           Power      Damage    Failure   Level
a - Sting                 Tmut/Pois      76%        1d6       3%          1
b - Poisonous Vapours     Pois/Air       28%        N/A       9%          2
c - Mephitic Cloud        Conj/Pois/Air  10%        N/A       22%         3

Your spell library contained the following spells:

 Spells                   Type           Power      Damage    Failure   Level
 Magic Dart               Conj           12%        1d3       14%         1
 Passwall                 Tmut/Erth      6%         N/A       14%         2
 Olgreb's Toxic Radiance  Pois           24%        N/A       21%         4
 Call Imp                 Summ           6%         N/A       22%         2
 Ensorcelled Hibernation  Hex/Ice        6%         N/A       22%         2
 Swiftness                Air            Unusable   N/A       N/A         3

Dungeon Overview and Level Annotations

Branches:
Dungeon (3/15)

Altars:
Fedhas
Sif Muna

Annotations:
D:3 Ijyb


Innate Abilities, Weirdness & Mutations

You cannot be hasted, slowed, berserked, paralysed or teleported.
You can dig through walls and to a lower floor.
You have a pair of large antennae on your head. (SInv)
Your four strong arms can wield two-handed weapons with a shield.


Message History

You closely miss the hobgoblin.
The hobgoblin is moderately wounded.
The hobgoblin closely misses you.
You hit the hobgoblin.
The hobgoblin is heavily wounded.
You kill the hobgoblin!
Sif Muna accepts your kill.
You start resting.
HP restored.
Things that are here:
6 stones; a +0 flail; a hobgoblin corpse
Casting: Sting (safe; 3% risk of failure)
Confirm with . or Enter, or press ? or * to list all spells.
Aiming: Poisonous Vapours (safe; 9% risk of failure)
Press: ? - help, Dir - move target, f - Ijyb
Aim: Ijyb, wielding a +0 dagger, wearing a +0 chain mail and carrying a wand of iceblast (wandering, hasn't noticed you) Poisonous vapours surround Ijyb!
Ijyb is poisoned.
Casting: Poisonous Vapours (safe; 9% risk of failure)
Confirm with . or Enter, or press ? or * to list all spells.
Aiming: Poisonous Vapours (safe; 9% risk of failure)
Press: ? - help, Dir - move target, f/p - Ijyb
Aim: Ijyb, wielding a +0 dagger, wearing a +0 chain mail and carrying a wand of iceblast (poisoned) Poisonous vapours surround Ijyb!
Ijyb looks even sicker.
Casting: Poisonous Vapours (safe; 9% risk of failure)
Confirm with . or Enter, or press ? or * to list all spells.
Aiming: Poisonous Vapours (safe; 9% risk of failure)
Press: ? - help, Dir - move target, f/p - Ijyb
Aim: Ijyb, wielding a +0 dagger, wearing a +0 chain mail and carrying a wand of iceblast (very poisoned) Poisonous vapours surround Ijyb!
Ijyb looks even sicker.
Ijyb zaps a wand.
The mass of ice explodes!
The iceblast engulfs you!
Casting: Poisonous Vapours (safe; 9% risk of failure)
Confirm with . or Enter, or press ? or * to list all spells.
Aiming: Poisonous Vapours (safe; 9% risk of failure)
Press: ? - help, Dir - move target, f/p - Ijyb
Aim: Ijyb, wielding a +0 dagger, wearing a +0 chain mail and carrying a wand of iceblast (very poisoned) Poisonous vapours surround Ijyb!
Ijyb looks as sick as possible!
Ijyb zaps a wand.
The mass of ice explodes!
The iceblast engulfs you!
* * * LOW HITPOINT WARNING * * *
Ijyb zaps a wand.
The mass of ice explodes!
The iceblast engulfs you!
You die...

######.###.#..##..###.###.#..
######...##...........#.###.
#..........<.###'###.#.## ##
#.#####.###(.# #.# #.#.#
#.###..###.###.#†# #
#.##.#.+.._###.#<. ..
#...##.###.###.### ##
##...#.# #.# #.#
#..#@.###'###.#
#..#..........#
#########..#.###.#.#.##
#............# #.....#
#.###.#####g## ###.### #.#
#.# #.# #.# #{# #.# #.# #.#
#{# #.# #)# #.# #{# #.# #.#
#.#


You could see Ijyb (extremely poisoned).

Vanquished Creatures
  Robin (D:3)
  4 gnolls
  2 adders (D:2)
  2 worms
  A ball python (D:1)
  5 endoplasms
  4 goblins
  10 hobgoblins
  3 jackals (D:2)
  2 quokkas
  4 bats
  5 frilled lizards
  3 kobolds
  7 rats
53 creatures vanquished.

Notes
Turn   | Place    | Note
-------+----------+-------------------------------------------
     0 | D:1      | Queen the Formicid Venom Mage began the quest for the Orb.
     0 | D:1      | Reached XP level 1. HP: 13/13 MP: 3/3
   139 | D:1      | Reached XP level 2. HP: 18/19 MP: 1/5
   293 | D:1      | Learned a level 2 spell: Poisonous Vapours
   521 | D:1      | Reached XP level 3. HP: 20/24 MP: 4/6
   790 | D:1      | Learned a level 3 spell: Mephitic Cloud
  1952 | D:2      | Reached XP level 4. HP: 6/30 MP: 1/8
  2269 | D:2      | Found a blossoming altar of Fedhas.
  2438 | D:2      | Identified the ring "Samuerat" {Str+6 Dex+3 Stlth+}
  2764 | D:3      | Found a shimmering blue altar of Sif Muna.
  2769 | D:3      | Became a worshipper of Sif Muna the Loreminder
  2937 | D:2      | Reached XP level 5. HP: 28/35 MP: 3/9
  3023 | D:3      | Noticed Ijyb
  3023 | D:3      | Noticed Robin
  3031 | D:3      | Killed Robin
  3161 | D:3      | Killed from afar by Ijyb

Illustrated notes

Levels and vault maps discovered:
D:1:      scummos_arrival_checkerplants, layout_basic
D:2:      layout_loops_corners, basic_altar, minivault_4
D:3:      layout_loops_ring, lemuel_doored_altar,
          chequers_temple_overflow_statue_of_worship, nicolae_goblin_pals

Skill      XL: |  1  2  3  4  5 |
---------------+----------------+-----
Dodging        | 2 |  2.5
Stealth        | 3 |  3.6
Transmutations | 2 |  2.4
Spellcasting   | 3 |  3.0
Poison Magic   | |  4.8

Action                     |  1- 3 |  4- 6 || total
---------------------------+-------+-------++-------
  Melee: Unarmed           |     7 |       ||     7
         Dagger            |    38 |    27 ||    65
   Cast: Sting             |    43 |    28 ||    71
         Poisonous Vapours |       |    10 ||    10
   Stab: Sleeping          |     3 |       ||     3
 Armour: Robe              |    11 |       ||    11
         Leather armour    |    19 |    36 ||    55
  Dodge: Dodged            |    29 |    25 ||    54

Table legend: (Time is in decaauts)
 A = Elapsed time spent in this place.
 B = Non-inter-level travel time spent in this place.
 C = Inter-level travel time spent in this place.
 D = Time resting spent in this place.
 E = Time spent auto-exploring this place.
 F = Levels seen in this place.
 G = Mean time per level.
                   A        B        C        D        E       F      G
               +--------+--------+--------+--------+--------+-----+--------+
         Total |   3167 |   3067 |    100 |    720 |   1859 |   3 | 1055.7 |
       Dungeon |   3167 |   3067 |    100 |    720 |   1859 |   3 | 1055.7 |
               +--------+--------+--------+--------+--------+-----+--------+

Top non-repeatable levels by time:
     D:1: 1374 daAuts
     D:2: 1367 daAuts
     D:3: 424 daAuts
